[Event "Cracovia Festival-A 2023"]
[Site "Krakow"]
[Date "2023.12.27"]
[Round "1.1"]
[White "Puranik, Abhimanyu"]
[Black "Piekielny, Pawel"]
[Result "1-0"]
[ECO "C02"]
[WhiteElo "2627"]
[BlackElo "2250"]
[Annotator "TA"]
[PlyCount "87"]
[EventDate "2023.12.24"]
[EventType "swiss"]
[EventCountry "POL"]
[SourceTitle "playchess.com"]
[Source "ChessBase"]
[SourceQuality "1"]
[TimeControl "40/5400+30:1800+30"]

1. e4 e6 2. d4 d5 3. e5 c5 4. c3 Nc6 5. Nf3 Bd7 6. Be2 Nge7 7. O-O cxd4 8. cxd4 Nf5 9. Nc3 Be7 10. Bd3 {[%emt 0:04:34] C02: French: Advance Variation.} g6 ({Less strong is} 10... Ncxd4 11. Nxd4 Nxd4 12. Qg4 $16) 11. Ne2 $5 {[%emt 0:17:48][%mdl 4] [#] Exploring less charted territory.} Qb6 $146 ({Predecessor:} 11... O-O 12. Bxf5 exf5 13. Bh6 Re8 14. Qd2 Be6 15. h4 f6 16. Nf4 Qd7 17. Nd3 b6 {1-0 Darini,P (2401)-Nikookar,M (2184) Tehran zt 3.1 2023 (9)}) 12. Bxf5 {[%emt 0:02:07] White is slightly better.} exf5 13. Bg5 Bxg5 14. Nxg5 h6 15. Nf3 O-O 16. Qd2 Kg7 17. Rac1 Ne7 18. Rc5 (18. Nf4 $16) 18... Rfc8 {[%emt 0:00:10] Black is weak on the dark squares} (18... Bb5 $1 $11) 19. Rfc1 $16 Qd8 20. h4 b6 21. R5c3 Rxc3 22. Rxc3 Rc8 23. g3 Rxc3 24. Qxc3 Be6 25. Nf4 Qd7 26. Kg2 {[%emt 0:00:51] White has more active pieces.} Nc6 27. Ne1 Nd8 28. Nc2 (28. Qa3 {is interesting.} Nc6 29. Nc2 a5 30. Kg1) 28... Nc6 29. b3 Ne7 30. Qd3 Qc7 31. Na3 Bd7 32. Nb1 Qc1 33. Nc3 Qe1 34. Nce2 {[%emt 0:00:15] Excellent horsemanship.} (34. Nfxd5 $2 {loses.} Nxd5 35. Nxd5 Bc6 $19) 34... Qa1 $2 {[%emt 0:02:26][%mdl 8192] Loses the game.} (34... Kf8 $14) 35. Qa6 $18 g5 36. Nh5+ Kg6 37. Nf6 Be6 38. hxg5 {[%emt 0:03:40] White mates.} hxg5 {[%emt 0:00:12] [#]} 39. Nf4+ $1 {[%emt 0:04:11][%mdl 576] Clearance} gxf4 {[%emt 0:00:16] [#]} (39... Kg7 40. Nxe6+) 40. Qe2 $1 Kg7 41. Qh5 f3+ 42. Kh2 $1 Bd7 43. Qh7+ Kf8 44. Qh6# {[%emt 0:00:03] Artfully played by Puranik.   Weighted Error Value: White=0.07 (flawless) /Black=0.40} 1-0

[Event "Cracovia Festival-A 2023"]
[Site "Krakow"]
[Date "2023.12.27"]
[Round "1.2"]
[White "Ramirez Garcia, Jorge Alberto"]
[Black "Gumularz, Szymon"]
[Result "0-1"]
[ECO "B06"]
[WhiteElo "2249"]
[BlackElo "2576"]
[Annotator "TA"]
[PlyCount "54"]
[EventDate "2023.12.24"]
[EventType "swiss"]
[EventCountry "POL"]
[SourceTitle "playchess.com"]
[Source "ChessBase"]
[SourceQuality "1"]
[TimeControl "40/5400+30:1800+30"]

1. e4 g6 2. d4 Bg7 3. Nc3 c6 4. f4 Qb6 5. Nf3 d5 6. e5 {[%emt 0:00:46] B06: Modern Defence.} Bg4 {[%emt 0:00:07] [#]} 7. Bd3 $146 (7. Be2 $14) ({Predecessor:} 7. Be2 Nh6 8. Na4 Qa5+ 9. c3 Nd7 10. b4 Qc7 11. Be3 b5 12. Nb2 Nf5 13. Bf2 {0-1 Sethuraman,S (2619)-Lalith,B (2558) MPL Indian Chess Tour N1 rapid 2022 (8)}) 7... Bxf3 $11 8. Qxf3 {[%emt 0:00:36] The position is equal.} Qxd4 9. Be3 Qb4 10. O-O-O (10. a3 $5 Qa5 $8 11. O-O $11) 10... e6 11. g4 Nd7 12. h4 h5 13. Be2 (13. gxh5 $11 {keeps the balance.} Rxh5 14. Rdg1) 13... hxg4 $17 14. Qxg4 Nh6 15. Qg1 Nf5 {[%emt 0:00:18] Hoping for ...Bh6.} 16. h5 (16. Bd2 $17 {is a better defense.} Qf8 17. h5) 16... Nxe3 17. Qxe3 g5 {[%emt 0:00:19][%mdl 64] [#] Deflection} 18. fxg5 Bxe5 {[%emt 0:00:08] Threatens to win with ...Bf4.} 19. Rdf1 {[%emt 0:01:20] Wards off Bf4} (19. Kb1 $17) 19... d4 $19 20. Qe4 Qe7 21. Na4 (21. Nd1 $142) 21... Qxg5+ 22. Kb1 f5 23. Qf3 Qg3 24. Re1 (24. b4 {might work better.}) 24... Qxf3 25. Bxf3 Ke7 26. b4 Bd6 {[%emt 0:00:46] Inhibits Nc5.} 27. a3 a5 {[%emt 0:00:17] Weighted Error Value: White=0.38/Black=0.08 (flawless)} 0-1

[Event "Cracovia Festival-A 2023"]
[Site "Krakow"]
[Date "2023.12.27"]
[Round "1.3"]
[White "Keinanen, Toivo"]
[Black "Panek, Bartosz"]
[Result "1-0"]
[ECO "A15"]
[WhiteElo "2522"]
[BlackElo "2232"]
[Annotator "TA"]
[PlyCount "55"]
[EventDate "2023.12.24"]
[EventType "swiss"]
[EventCountry "POL"]
[SourceTitle "playchess.com"]
[Source "ChessBase"]
[SourceQuality "1"]
[TimeControl "40/5400+30:1800+30"]

1. c4 Nf6 2. Nf3 e6 3. g3 d5 4. Bg2 c5 5. cxd5 Nxd5 6. O-O Nc6 7. d4 Be7 8. dxc5 Bxc5 9. Qc2 Qb6 {[%emt 0:07:26] E06: Closed Catalan: Early deviations.} (9... Qe7 $11) 10. Nbd2 {[%emt 0:07:22] [#]} Nd4 $146 ({Predecessor:} 10... O-O 11. a3 Be7 12. e4 Nf6 13. Nc4 Qa6 14. e5 Nd5 15. Ne3 Ndb4 16. Qe4 Nd3 17. Rd1 {1-0 Bogosavljevic,B (2527)-Andjic,M (1957) MNT-chT 1st League 2021 (3.2)}) 11. Nxd4 Bxd4 {[%emt 0:00:12] White is better.} 12. Nc4 Qc5 {[%emt 0:11:15] [#]} 13. Nd6+ $1 Ke7 (13... Qxd6 14. Qa4+) 14. Nxc8+ (14. Qxc5 $16 Bxc5 15. Ne4) 14... Raxc8 $11 15. Qb3 b6 (15... Rhd8 $14) 16. e3 $16 Be5 {[%emt 0:08:20] [#]} 17. e4 $1 $36 {[%emt 0:03:45][%mdl 2048] Keeping Black busy.} Nb4 18. Be3 Bd4 19. Rac1 Qd6 {[%emt 0:00:48] [#]} (19... Bxe3 20. Rxc5 Bxc5) 20. e5 $1 $18 {[%emt 0:02:30][%mdl 512] White is clearly winning.} Bxe5 (20... Qxe5 21. Qxb4+) 21. Rcd1 Nd5 22. Bxd5 exd5 23. Rxd5 Qe6 24. Re1 {[%emt 0:02:46] Qb4+ is the strong threat.} f6 25. Bd4 Qg4 26. f4 (26. Bxe5 $142 Rhe8 27. Bd6+ Kf7 28. Rd4+ {[%mdl 64] Discovered Attack} Qe6 29. Rxe6 Rxe6 30. Re4 Rce8 31. Qd5) 26... Rhd8 27. fxe5 f5 {[%emt 0:00:26] [#]} 28. Rd6 $1 {[%emt 0:01:02] Weighted Error Value: White=0.10 (very precise) /Black=0.57} 1-0

[Event "Cracovia Festival-A 2023"]
[Site "Krakow"]
[Date "2023.12.27"]
[Round "1.4"]
[White "Keinanen, Anastasia"]
[Black "Polak, Tomas"]
[Result "1/2-1/2"]
[ECO "B13"]
[WhiteElo "2227"]
[BlackElo "2517"]
[Annotator "TA"]
[PlyCount "84"]
[EventDate "2023.12.24"]
[EventType "swiss"]
[EventCountry "POL"]
[SourceTitle "playchess.com"]
[Source "ChessBase"]
[SourceQuality "1"]
[TimeControl "40/5400+30:1800+30"]

1. e4 c6 2. d4 d5 3. exd5 cxd5 4. Bd3 Nc6 5. c3 Nf6 6. Bf4 Bg4 7. Qb3 Qd7 8. Nd2 e6 9. Ngf3 Bxf3 10. Nxf3 Bd6 11. Bxd6 Qxd6 12. O-O O-O 13. Rae1 Qc7 {[%emt 0:00:24] B13: Caro-Kann: Exchange Variation and Panov-Botvinnik Attack.} 14. Qd1 h6 15. Ne5 Nxe5 {[%emt 0:01:26] White has an edge.} 16. dxe5 Nd7 {[%emt 0:00:10] [#]} 17. Qe2 $146 ({Predecessor:} 17. f4 f5 18. exf6 Rxf6 19. Qg4 Qb6+ 20. Rf2 Rd8 21. g3 e5 22. Bf5 h5 23. Qg5 {½-½ Gazik,V (2414)-Polak,T (2511) Banicky Kahanec 2016 (1)}) 17... Rae8 18. Kh1 Kh8 (18... g6 $11) 19. Bc2 f6 20. exf6 Nxf6 21. f4 a6 22. Bg6 Re7 {[%emt 0:01:13] [#]} 23. Bf5 Nd7 24. Bxe6 Rxf4 25. Rxf4 Qxf4 26. Qd1 $1 Nf6 27. Rf1 {[%emt 0:03:04] Against Qf2} (27. Bc8 $11 Ne4 28. Rf1 Nf2+ 29. Kg1 Nxd1 30. Rxf4) 27... Qc4 $1 $15 28. Bh3 Re2 29. b3 Qe4 {[%emt 0:00:33][%cal Og7g5] [#] Strongly threatening ...g5!} (29... Qxc3 $2 30. Qxe2 Qb4 31. Qe5 $18) 30. Qb1 Qxb1 31. Rxb1 $17 {[%emt 0:00:06][%mdl 4096] Endgame KRB-KRN} Ne4 $1 32. c4 (32. Bc8 $17) 32... d4 ({Weaker is} 32... Rxa2 33. Kg1 $17) 33. Kg1 d3 ({Stronger than} 33... Rxa2 34. Re1 Nf6 35. Bc8 $15) 34. Bg4 Rxa2 {[%emt 0:00:54] ...d2 is the strong threat.} 35. Re1 Nf6 36. Bf5 (36. Bf3 $17 {keeps fighting.}) 36... Rb2 $2 (36... d2 $19 37. Rf1 g6 38. Bxg6 Ng4) 37. Bxd3 $11 {[%emt 0:00:16] The position is equal.} Rxb3 38. Bg6 {[%emt 0:00:10] And now Rd1 would win.} Kg8 39. Re7 a5 40. Rc7 {[%emt 0:00:00] Threatening mate with Rc8+.} Kf8 41. Rf7+ Kg8 {[%emt 0:02:22][%cal Ob3b1] Threatens to win with ...Rb1+!} 42. Rc7 {[%emt 0:00:03] White threatens Rc8+ and mate.} Kf8 {And White is the lucky defender.   Weighted Error Value: White=0.19 (very precise) /Black=0.19 (very precise)} 1/2-1/2

[Event "Cracovia Festival-A 2023"]
[Site "Krakow"]
[Date "2023.12.27"]
[Round "1.5"]
[White "Janik, Igor"]
[Black "Fodor, Balazs"]
[Result "1-0"]
[ECO "E06"]
[WhiteElo "2514"]
[BlackElo "2225"]
[Annotator "TA"]
[PlyCount "137"]
[EventDate "2023.12.24"]
[EventType "swiss"]
[EventCountry "POL"]
[SourceTitle "playchess.com"]
[Source "ChessBase"]
[SourceQuality "1"]
[TimeControl "40/5400+30:1800+30"]

1. c4 Nf6 2. d4 e6 3. Nf3 d5 4. g3 Be7 5. Bg2 O-O 6. cxd5 exd5 7. O-O c6 8. Nc3 Nbd7 9. Qc2 Re8 10. Rd1 {[%emt 0:03:52] E07: Closed Catalan: Main Line (5 Nf3 0-0 6 0-0 Nbd7).} (10. Bf4 $5 ) 10... Nf8 {[%emt 0:13:44] [#]} 11. Bg5 $146 ({Predecessor:} 11. Ne5 Be6 12. f4 Qc8 13. b3 Bf5 14. e4 dxe4 15. Nxe4 Nd5 16. Qf2 f6 17. Nc4 Bxe4 18. Bxe4 {1-0 Concio,M (2297)-Rohit,K (2304) Wch FIDE Online U16 Asia qual rapid 2020 (5)}) 11... g6 12. Bxf6 {[%emt 0:01:42] The position is equal.} (12. Ne5 {is interesting.} Ne6 13. Bh6 Bd6 14. Nf3) 12... Bxf6 13. b4 a6 14. a4 Bf5 15. Qb3 b5 (15... h5 $15) 16. e3 Nd7 {[%emt 0:01:18] Inhibits Ne5.} 17. a5 {[%emt 0:01:09] Inhibits Nb6.} Bg7 18. Rdc1 Rc8 19. Ne2 Qe7 20. Ra2 Bf8 21. Rb2 g5 22. Rc3 Qf6 23. Nc1 Be4 24. Nd2 Bxg2 25. Kxg2 Re6 26. Qc2 Rce8 27. Nd3 Qh6 28. h3 Rc8 29. Qd1 Qg6 30. Rbc2 h5 31. Kg1 f6 (31... Qh7 $14) 32. Nf1 Nb8 33. Nc5 (33. Rc1 $16) 33... Bxc5 $14 34. Rxc5 Rf8 (34... Nd7 $14) 35. Nd2 h4 36. gxh4 gxh4+ 37. Qg4 Qxg4+ 38. hxg4 f5 39. Nf3 (39. gxf5 $16 Rxf5 40. Nb3) 39... fxg4 40. Nxh4 g3 41. Ng2 Rxf2 42. Rxf2 gxf2+ 43. Kxf2 {[%emt 0:00:17][%mdl 4096] Endgame KRN-KRN} Nd7 44. Rc1 Rh6 $1 45. Kf3 Kf7 46. Nf4 Ke7 47. Rg1 Kf7 {[%emt 0:05:17] Repels Rg7+} 48. Rg2 Rh1 49. Rc2 Rh6 50. Nd3 {[%emt 0:01:52] White is more active.} ({White should try} 50. Kg4 $16) 50... Rf6+ 51. Ke2 Ke7 52. Rc1 Rh6 53. Rg1 Kd6 (53... Kf8 $14) 54. Rg2 (54. Rg7 $142) 54... Rh8 55. Rg6+ Kc7 56. Nf4 Re8 57. Rh6 Nf8 $2 (57... Rg8 $16) 58. Rh8 $18 {[%emt 0:02:07][%cal Oh8f8] [#] Hoping for Rxf8!} Kd8 59. Kd2 Ke7 (59... Nd7 $16 {was necessary.} 60. Ne6+ Ke7 61. Rxe8+ Kxe8) 60. Rh6 Rc8 61. Nd3 Nd7 62. Rh7+ ({Better is} 62. Ke2 $18) 62... Ke6 $2 {[%emt 0:00:10][%mdl 8192] [#]} (62... Kd6 $16 63. Nc5 Nb8) 63. Nc5+ $1 {[%emt 0:00:40] White is clearly winning.} Nxc5 64. bxc5 {[%emt 0:00:01] KR-KR} Rg8 65. Rc7 Rg2+ 66. Kd3 Ra2 67. Rxc6+ Kf5 68. Rxa6 Ra3+ 69. Ke2 {[%emt 0:00:08] Weighted Error Value: White=0.12 (very precise) /Black=0.15 (very precise)} 1-0

[Event "Cracovia Festival-A 2023"]
[Site "Krakow"]
[Date "2023.12.27"]
[Round "1.6"]
[White "Dziewonski, Dariusz"]
[Black "Akbas, Umut Ata"]
[Result "0-1"]
[ECO "B43"]
[WhiteElo "2224"]
[BlackElo "2446"]
[Annotator "RC"]
[PlyCount "64"]
[EventDate "2023.12.24"]
[EventType "swiss"]
[EventCountry "POL"]
[SourceTitle "playchess.com"]
[Source "ChessBase"]
[SourceQuality "1"]
[TimeControl "40/5400+30:1800+30"]

1. e4 c5 2. Nf3 e6 3. d4 cxd4 4. Nxd4 a6 5. Nc3 Qc7 6. Bd3 Nf6 7. O-O Be7 8. Kh1 d6 9. f4 Nbd7 10. Qe2 Nc5 11. Bd2 O-O 12. Rac1 b5 13. b4 Nxd3 14. cxd3 Qd7 15. Rc2 Bb7 16. Rfc1 Rac8 17. Nd1 g6 18. a3 Nh5 19. Nf3 Rxc2 20. Rxc2 f5 21. e5 Rc8 22. Be3 Rxc2 23. Qxc2 Bxf3 24. gxf3 dxe5 25. fxe5 Qd5 26. Kg2 Qxe5 27. Qc8+ Kf7 28. Qb7 Nf4+ 29. Bxf4 Qxf4 30. Qxa6 Qg5+ 31. Kf1 Qc1 32. Ke1 Bh4+ 0-1

[Event "Cracovia Festival-A 2023"]
[Site "Krakow"]
[Date "2023.12.27"]
[Round "1.7"]
[White "Soffer, Ram"]
[Black "Gierulski, Kamil"]
[Result "1-0"]
[ECO "A13"]
[WhiteElo "2444"]
[BlackElo "2223"]
[Annotator "RC"]
[PlyCount "105"]
[EventDate "2023.12.24"]
[EventType "swiss"]
[EventCountry "POL"]
[SourceTitle "playchess.com"]
[Source "ChessBase"]
[SourceQuality "1"]
[TimeControl "40/5400+30:1800+30"]

1. c4 e6 2. Nf3 d5 3. g3 dxc4 4. Bg2 Nd7 5. O-O a6 6. Qc2 Ngf6 7. a4 Be7 8. Na3 O-O 9. Nxc4 c5 10. a5 Nd5 11. d4 b5 12. axb6 Bb7 13. dxc5 Rc8 14. e4 Rxc5 15. exd5 exd5 16. Nfd2 Nxb6 17. b3 Rc7 18. Rd1 Nd7 19. Qf5 dxc4 20. Bxb7 Rxb7 21. Nxc4 g6 22. Qf3 Qc8 23. Bh6 Re8 24. Rxa6 Nc5 25. Nd6 Bxd6 26. Raxd6 Ne4 27. R6d4 f5 28. Rc4 Qe6 29. h4 Reb8 30. Rd3 Nd6 31. Rc6 Qe1+ 32. Kg2 Ne4 33. h5 Rb6 34. Rxb6 Rxb6 35. Qf4 Rb7 36. Re3 Qb4 37. Qe5 Kf7 38. Qd5+ Kf6 39. Qd8+ Kf7 40. Qd5+ Kf6 41. Bf8 Qb5 42. Qd4+ Qe5 43. Qd8+ Kf7 44. hxg6+ Kxg6 45. Ba3 Qe6 46. f3 Rxb3 47. Rxb3 Qxb3 48. Qe8+ Kg5 49. Qe7+ Nf6 50. Qg7+ Kh5 51. Qxf6 Qxa3 52. Qxf5+ Kh6 53. Qf6+ 1-0

[Event "Cracovia Festival-A 2023"]
[Site "Krakow"]
[Date "2023.12.27"]
[Round "1.8"]
[White "Jaskolka, Tomasz"]
[Black "Kozak, Antoni"]
[Result "0-1"]
[ECO "B08"]
[WhiteElo "2222"]
[BlackElo "2442"]
[Annotator "RC"]
[PlyCount "136"]
[EventDate "2023.12.24"]
[EventType "swiss"]
[EventCountry "POL"]
[SourceTitle "playchess.com"]
[Source "ChessBase"]
[SourceQuality "1"]
[TimeControl "40/5400+30:1800+30"]

1. e4 g6 2. d4 Bg7 3. Nf3 d6 4. Nc3 Nf6 5. Bg5 Nc6 6. h3 O-O 7. Qd2 d5 8. Bxf6 exf6 9. exd5 Ne7 10. Bc4 b6 11. O-O Bb7 12. Rfe1 Nxd5 13. Nxd5 Bxd5 14. Bxd5 Qxd5 15. Re7 Qd6 16. Rae1 f5 17. c3 Bf6 18. R7e2 Kg7 19. Qc2 a5 20. Qa4 Qd5 21. c4 Qd6 22. d5 Rfb8 23. Qc2 b5 24. Ne5 bxc4 25. Qxc4 Rb4 26. Qc6 Rd8 27. b3 Rd4 28. Nc4 Qxc6 29. dxc6 a4 30. Re8 Rxe8 31. Rxe8 Rd1+ 32. Kh2 Ra1 33. Re2 axb3 34. axb3 Ra6 35. Re8 Rxc6 36. Rc8 h5 37. Kg3 Be7 38. Kf3 Kf6 39. Ke2 Ke6 40. Rb8 Ra6 41. f4 Ra2+ 42. Kf3 Bc5 43. Ne5 Rf2+ 44. Kg3 h4+ 45. Kh2 Bd6 46. Re8+ Kd5 47. Rd8 Ke4 48. Kg1 Rb2 49. Nc4 Rb1+ 50. Kf2 Bxf4 51. Re8+ Kd4 52. Rd8+ Kc3 53. Rd7 Bg3+ 54. Ke3 Re1+ 55. Kf3 Rf1+ 56. Ke3 f4+ 57. Ke2 Rf2+ 58. Kd1 Rxg2 59. Nd2 Rg1+ 60. Ke2 Re1+ 61. Kf3 f5 62. Nc4 Rf1+ 63. Kg2 Rf2+ 64. Kg1 Re2 65. Na3 f3 66. Nb1+ Kc2 67. Na3+ Kc1 68. Kf1 Re1# 0-1

[Event "Cracovia Festival-A 2023"]
[Site "Krakow"]
[Date "2023.12.27"]
[Round "1.9"]
[White "Janzelj, Tim"]
[Black "Wojdak, Jan"]
[Result "1/2-1/2"]
[ECO "B22"]
[WhiteElo "2441"]
[BlackElo "2219"]
[Annotator "RC"]
[PlyCount "137"]
[EventDate "2023.12.24"]
[EventType "swiss"]
[EventCountry "POL"]
[SourceTitle "playchess.com"]
[Source "ChessBase"]
[SourceQuality "1"]
[TimeControl "40/5400+30:1800+30"]

1. e4 c5 2. c3 d5 3. exd5 Qxd5 4. d4 Nf6 5. Nf3 e6 6. Be3 cxd4 7. cxd4 Bb4+ 8. Nc3 Qa5 9. Bd2 O-O 10. Bd3 Nc6 11. O-O Rd8 12. a3 Be7 13. b4 Qc7 14. Rc1 a6 15. Qe2 Qd7 16. Be3 e5 17. Rfd1 exd4 18. Nxd4 Nxd4 19. Bxd4 Qe6 20. Be3 Bd7 21. Bc4 Qg4 22. f3 Qg6 23. Nd5 Nxd5 24. Bxd5 Ba4 25. Rd4 Rd7 26. Be4 Qe6 27. Rxd7 Qxd7 28. Qc4 Bd6 29. Qd3 h6 30. Bf2 Rd8 31. g3 Qe7 32. Re1 Qc7 33. Qe3 Re8 34. Rc1 Bc6 35. Qd2 Rd8 36. Qe3 Re8 37. Qa7 Rxe4 38. fxe4 Qe7 39. Rxc6 bxc6 40. Qa8+ Kh7 41. Qxc6 Bb8 42. Qa8 Qe8 43. Qb7 f6 44. a4 Bd6 45. b5 axb5 46. a5 Qe5 47. a6 Bc5 48. Bxc5 Qxc5+ 49. Kg2 Qc2+ 50. Kh3 Qe2 51. Qd5 h5 52. Qf5+ g6 53. Qxf6 Qg4+ 54. Kg2 Qxe4+ 55. Kf2 Qc2+ 56. Ke3 Qb3+ 57. Ke4 Qc4+ 58. Ke5 Qc5+ 59. Ke6 Qb6+ 60. Kf7 Qa7+ 61. Ke8 Qa8+ 62. Kd7 Qa7+ 63. Kc8 Qa8+ 64. Kc7 Qa7+ 65. Kd8 Qa8+ 66. Ke7 Qa7+ 67. Ke8 Qa8+ 68. Kf7 Qa7+ 69. Ke8 1/2-1/2

[Event "Cracovia Festival-A 2023"]
[Site "Krakow"]
[Date "2023.12.27"]
[Round "1.10"]
[White "Meers, Hubert"]
[Black "Golubka, Petro"]
[Result "1/2-1/2"]
[ECO "A04"]
[WhiteElo "2218"]
[BlackElo "2440"]
[Annotator "RC"]
[PlyCount "80"]
[EventDate "2023.12.24"]
[EventType "swiss"]
[EventCountry "POL"]
[SourceTitle "playchess.com"]
[Source "ChessBase"]
[SourceQuality "1"]
[TimeControl "40/5400+30:1800+30"]

1. Nf3 e6 2. b3 b6 3. Bb2 Bb7 4. e3 f5 5. Be2 Nf6 6. O-O Be7 7. c4 O-O 8. Nc3 a5 9. d4 Na6 10. a3 d5 11. Ne5 c6 12. Qc2 Rc8 13. Rac1 Bd6 14. f4 c5 15. Rfd1 Qe7 16. Na4 Bc7 17. Qb1 cxd4 18. exd4 Ne4 19. cxd5 exd5 20. Nc3 Bxe5 21. fxe5 Nc7 22. Nxe4 dxe4 23. Rxc7 Qxc7 24. Bc4+ Kh8 25. d5 b5 26. d6 Qc6 27. d7 bxc4 28. dxc8=Q Bxc8 29. Rd6 Qb5 30. Qc1 Kg8 31. bxc4 Qc5+ 32. Bd4 Qc7 33. Qg5 h6 34. Rxh6 Qxc4 35. Rd6 f4 36. h4 Be6 37. Qe7 Bd5 38. Qa7 Be6 39. Qe7 Bd5 40. Qa7 Be6 1/2-1/2

[Event "Cracovia Festival-A 2023"]
[Site "Krakow"]
[Date "2023.12.27"]
[Round "1.11"]
[White "Sofronie, Iulian"]
[Black "Eke, Salih"]
[Result "1-0"]
[ECO "D00"]
[WhiteElo "2438"]
[BlackElo "2217"]
[Annotator "RC"]
[PlyCount "107"]
[EventDate "2023.12.24"]
[EventType "swiss"]
[EventCountry "POL"]
[SourceTitle "playchess.com"]
[Source "ChessBase"]
[SourceQuality "1"]
[TimeControl "40/5400+30:1800+30"]

1. d4 d5 2. Bf4 c5 3. e3 Nf6 4. c3 Nc6 5. Nd2 Bf5 6. Ngf3 Qb6 7. Nh4 Bd7 8. Qb3 c4 9. Qc2 Qa5 10. Nhf3 b5 11. e4 g6 12. Be5 Nxe5 13. Nxe5 Be6 14. b4 Qa3 15. g3 Nxe4 16. Nxe4 dxe4 17. Bg2 Bd5 18. Bxe4 Rd8 19. O-O Bg7 20. Nc6 Bxe4 21. Qxe4 Rd7 22. Ne5 Bxe5 23. Qxe5 O-O 24. Qxb5 Rc7 25. Rfc1 Rfc8 26. Rc2 e6 27. Re1 a6 28. Qg5 a5 29. bxa5 Ra7 30. Re5 Rca8 31. d5 exd5 32. Rxd5 Rxa5 33. Rd8+ Kg7 34. Rxa8 Rxa8 35. Qf4 Qa4 36. Rd2 Re8 37. Kg2 Qc6+ 38. Qf3 Qxf3+ 39. Kxf3 Kf6 40. a4 Ra8 41. Ra2 Ke5 42. a5 Ra6 43. h4 h5 44. Ke3 Kd5 45. f3 Kc5 46. g4 Kb5 47. Kf4 f6 48. gxh5 gxh5 49. Kf5 Kc5 50. Kg6 Ra8 51. a6 Kb6 52. a7 Kb7 53. f4 Rg8+ 54. Kf7 1-0

[Event "Cracovia Festival-A 2023"]
[Site "Krakow"]
[Date "2023.12.27"]
[Round "1.12"]
[White "Fishchuk, Vladyslav"]
[Black "Pajeken, Jakob Leon"]
[Result "1/2-1/2"]
[ECO "E10"]
[WhiteElo "2198"]
[BlackElo "2428"]
[Annotator "RC"]
[PlyCount "39"]
[EventDate "2023.12.24"]
[EventType "swiss"]
[EventCountry "POL"]
[SourceTitle "playchess.com"]
[Source "ChessBase"]
[SourceQuality "1"]
[TimeControl "40/5400+30:1800+30"]

1. d4 Nf6 2. c4 e6 3. Nf3 d5 4. g3 Bb4+ 5. Bd2 Bd6 6. Bg2 Nbd7 7. c5 Be7 8. Nc3 Ne4 9. Bf4 Nxc3 10. bxc3 c6 11. Qa4 f6 12. O-O e5 13. dxe5 Nxc5 14. Qc2 O-O 15. c4 fxe5 16. Bxe5 Bf5 17. Qc3 Na4 18. Qb3 Nc5 19. Qc3 Na4 20. Qb3 1/2-1/2

[Event "Cracovia Festival-A 2023"]
[Site "Krakow"]
[Date "2023.12.27"]
[Round "1.13"]
[White "Pacan-Milej, Kosma"]
[Black "Hryharovich, Aliaksei"]
[Result "1/2-1/2"]
[ECO "D31"]
[WhiteElo "2425"]
[BlackElo "2195"]
[Annotator "RC"]
[PlyCount "117"]
[EventDate "2023.12.24"]
[EventType "swiss"]
[EventCountry "POL"]
[SourceTitle "playchess.com"]
[Source "ChessBase"]
[SourceQuality "1"]
[TimeControl "40/5400+30:1800+30"]

1. d4 d5 2. c4 e6 3. Nc3 Be7 4. cxd5 exd5 5. Bf4 c6 6. Qc2 g6 7. e3 Bf5 8. Qd2 Nf6 9. f3 O-O 10. g4 Be6 11. Bd3 c5 12. Nge2 Nc6 13. Kf1 Rc8 14. Kg2 a6 15. Rac1 cxd4 16. exd4 b5 17. h4 h5 18. gxh5 Nxh5 19. Ng3 Nxf4+ 20. Qxf4 Bd6 21. Qh6 Qf6 22. Nh5 Qh8 23. Qxh8+ Kxh8 24. Nf6 Nxd4 25. h5 g5 26. Ncxd5 Rxc1 27. Rxc1 Rd8 28. Re1 Bf8 29. Be4 Bg7 30. h6 Bxh6 31. Rd1 Ne2 32. Rh1 Kg7 33. Nh5+ Kf8 34. Nhf6 Bg7 35. Nh7+ Ke8 36. Nc7+ Ke7 37. Nxe6 fxe6 38. Nxg5 Rd2 39. Kh3 Rxb2 40. Kg4 Rxa2 41. Rh7 Kf6 42. Nxe6 Kxe6 43. Rxg7 Ra1 44. Ra7 Nc3 45. Bd3 a5 46. f4 a4 47. f5+ Ke5 48. Re7+ Kf6 49. Re6+ Kf7 50. Ra6 a3 51. f6 Rd1 52. Bc2 Rg1+ 53. Kf5 Rf1+ 54. Ke5 a2 55. Bb3+ Kg6 56. Bxa2 Nxa2 57. Rxa2 Rf5+ 58. Kd4 Kxf6 59. Ra6+ 1/2-1/2

[Event "Cracovia Festival-A 2023"]
[Site "Krakow"]
[Date "2023.12.27"]
[Round "1.14"]
[White "Mirski, Stanislaw"]
[Black "Baum, Jonasz"]
[Result "1-0"]
[ECO "A46"]
[WhiteElo "2187"]
[BlackElo "2421"]
[Annotator "RC"]
[PlyCount "71"]
[EventDate "2023.12.24"]
[EventType "swiss"]
[EventCountry "POL"]
[SourceTitle "playchess.com"]
[Source "ChessBase"]
[SourceQuality "1"]
[TimeControl "40/5400+30:1800+30"]

1. d4 Nf6 2. Nf3 d5 3. g3 g6 4. Bg2 c6 5. O-O Bg7 6. Nbd2 O-O 7. c4 a5 8. cxd5 cxd5 9. Ne5 b6 10. Nb1 Bb7 11. Nc3 e6 12. Qb3 Nfd7 13. Nxd7 Nxd7 14. Rd1 f5 15. Bf4 Ba6 16. Nb5 Rc8 17. Nd6 Rc7 18. Qe3 Nf6 19. Qxe6+ Kh8 20. Nxf5 gxf5 21. Qxb6 Rc2 22. Qxa6 Rxb2 23. Rab1 Rxa2 24. Rb8 Qxb8 25. Bxb8 Rxb8 26. Rc1 Rf8 27. Bh3 Ne4 28. Rc8 Nd6 29. Rxf8+ Bxf8 30. Bxf5 a4 31. Be6 a3 32. Bxd5 Ra1+ 33. Kg2 Kg7 34. e4 a2 35. Bxa2 Nxe4 36. Qb7+ 1-0

[Event "Cracovia Festival-A 2023"]
[Site "Krakow"]
[Date "2023.12.27"]
[Round "1.15"]
[White "Cukrowski, Filip"]
[Black "Balint, Peter"]
[Result "0-1"]
[ECO "D78"]
[WhiteElo "2402"]
[BlackElo "2187"]
[Annotator "RC"]
[PlyCount "92"]
[EventDate "2023.12.24"]
[EventType "swiss"]
[EventCountry "POL"]
[SourceTitle "playchess.com"]
[Source "ChessBase"]
[SourceQuality "1"]
[TimeControl "40/5400+30:1800+30"]

1. d4 Nf6 2. c4 g6 3. Nf3 Bg7 4. g3 c6 5. Bg2 d5 6. O-O O-O 7. Nc3 dxc4 8. a4 a5 9. e4 Bg4 10. h3 Bxf3 11. Bxf3 e5 12. dxe5 Nfd7 13. e6 fxe6 14. Be2 Ne5 15. Qxd8 Rxd8 16. Bg5 Rd7 17. f4 Nd3 18. Bg4 Nc5 19. f5 exf5 20. exf5 Rf7 21. fxg6 Rxf1+ 22. Rxf1 hxg6 23. Rf4 Nbd7 24. Rxc4 Ne5 25. Rxc5 Nxg4 26. Kg2 Ne5 27. Ne4 Nd3 28. Rc4 Nxb2 29. Rc2 Nxa4 30. Nd6 Nc3 31. Bd2 Nd5 32. Nxb7 a4 33. Kf3 a3 34. Ra2 Bc3 35. Ke2 Rb8 36. Nd6 Rb2 37. Rxa3 Rxd2+ 38. Kf3 Rd3+ 39. Ke2 Rxg3 40. Ra6 Re3+ 41. Kf1 Re6 42. Rxc6 Kh7 43. Ra6 Bd4 44. Ra4 Rxd6 45. Rxd4 Ne3+ 46. Ke2 Rxd4 0-1